AoeStats
← Simon Stokvis

African Clearing

505681664Analyzed
4v4 RM · 22d ago on Sep 10, 2026· 60m 8s· 8 players
Game mode
Random Map
Map size
Large (8 player)
Population
200
Speed
Normal
Resources
Standard
Victory
Conquest
Starting age
Dark Age
Ending age
Imperial Age
RankedLock teamsTeams togetherTeam positionsShared explorationLock speedFull tech treeHidden civsTurbo modeCheats
Victory
Defeat
🇨🇳 Mongols · China
1651
+8
🇳🇱 Magyars · Netherlands
1529
+12
🇵🇪 Vikings · Peru
1525
+16
🇫🇷 Burmese · France
1466
+15
🇨🇳 Maya · China
1479
-13
🇯🇵 Vietnamese · Japan
1478
-13
🇨🇳 Huns · China
1429
-11
🇨🇳 Wei · China
1396
-10
Louchosse
5:10 Loom
13:41 Feudal Age
17:55 Castle Age
16:02 Gold Mining
16:26 Fletching
17:14 Padded Archer Armor
18:07 Town Watch
19:53 Wheelbarrow
23:44 Horse Collar
30:19 Bloodlines
30:46 Husbandry
33:19 Ballistics
35:40 Heavy Plow
36:19 Bodkin Arrow
37:30 Stone Mining
39:02 Hand Cart
44:28 Imperial Age
45:02 Elite Arambai
47:41 Conscription
48:33 Scale Barding Armor
48:29 Bracer
49:30 Chemistry
48:34 Light Cavalry
51:04 Gold Shaft Mining
51:22 Hussar
54:50 Chain Barding Armor
55:04 Manipur Cavalry
59:22 Crop Rotation
59:29 Plate Barding Armor
Simon Stokvis
6:01 Loom
13:51 Feudal Age
19:04 Castle Age
18:24 Fletching
18:53 Double-Bit Axe
32:22 Town Watch
34:20 Bodkin Arrow
36:22 Bow Saw
36:39 Ballistics
37:11 Padded Archer Armor
42:09 Imperial Age
40:30 Thumb Ring
40:26 Gold Mining
40:21 Elite Skirmisher
41:18 Leather Archer Armor
43:24 Ring Archer Armor
43:35 Bracer
44:42 Heavy Cavalry Archer
48:27 Parthian Tactics
50:56 Chemistry
Envetel
11:41 Feudal Age
12:16 Double-Bit Axe
12:53 Town Watch
12:56 Loom
14:35 Fletching
17:20 Wheelbarrow
17:00 Horse Collar
26:20 Castle Age
24:53 Gold Mining
26:21 Crossbowman
27:14 Bodkin Arrow
30:54 Ballistics
33:32 Padded Archer Armor
35:18 Bow Saw
36:51 Bloodlines
37:28 Husbandry
43:06 Imperial Age
41:52 Masonry
43:19 Leather Archer Armor
43:13 Thumb Ring
43:50 Bracer
44:19 Conscription
43:58 Elite Mangudai
45:59 Parthian Tactics
47:29 Chemistry
47:45 Leather Archer Armor
49:59 Hoardings
50:05 Stone Mining
50:23 Heavy Plow
50:18 Capped Ram
52:14 Drill
55:22 Siege Engineers
55:54 Leather Archer Armor
57:14 Siege Ram
59:59 Coinage
ThelastonePeru
10:09 Loom
12:39 Feudal Age
13:05 Town Watch
13:39 Double-Bit Axe
22:57 Scale Mail Armor
31:34 Horse Collar
39:42 Castle Age
43:55 Bow Saw
45:59 Heavy Plow
53:13 Pikeman
53:54 Squires
55:19 Chain Mail Armor
56:30 Forging
60:24 Iron Casting
桐原冬子
7:56 Loom
11:05 Feudal Age
13:46 Town Watch
20:06 Padded Archer Armor
27:37 Castle Age
26:32 Forging
26:31 Scale Barding Armor
26:21 Fletching
28:17 Scale Barding Armor
31:07 Gold Mining
31:19 Husbandry
34:07 Chain Barding Armor
34:15 Double-Bit Axe
34:11 Horse Collar
36:15 Wheelbarrow
36:36 Bloodlines
40:15 Bodkin Arrow
42:36 Forging
45:50 Heavy Plow
46:00 Bow Saw
51:40 Imperial Age
50:30 Leather Archer Armor
51:24 Elite Skirmisher
51:25 Crossbowman
52:25 Bow Saw
52:58 Plate Barding Armor
53:24 Bracer
54:15 Ballistics
53:32 Cavalier
54:48 Iron Casting
55:14 Ring Archer Armor
55:33 Pikeman
56:15 Scale Mail Armor
57:11 Thumb Ring
垃圾小士兵
5:53 Loom
12:02 Feudal Age
14:57 Double-Bit Axe
15:57 Fletching
22:50 Castle Age
23:39 Bodkin Arrow
23:46 Gold Mining
24:28 Husbandry
26:32 Padded Archer Armor
28:01 Ballistics
29:51 Bloodlines
35:36 Wheelbarrow
40:03 Town Watch
40:35 Thumb Ring
51:58 Imperial Age
52:47 Bracer
58:04 Chemistry
58:49 Parthian Tactics
Cusi Yupanqui
3:29 Loom
10:57 Feudal Age
11:49 Double-Bit Axe
14:54 Forging
16:56 Wheelbarrow
17:28 Scale Barding Armor
23:34 Bloodlines
23:14 Town Watch
29:46 Horse Collar
39:20 Castle Age
39:33 Light Cavalry
41:01 Bow Saw
40:52 Heavy Plow
41:30 Husbandry
44:12 Hand Cart
李清然
8:58 Loom
12:23 Feudal Age
13:22 Double-Bit Axe
16:26 Castle Age
16:11 Fletching
17:23 Bodkin Arrow
18:00 Bow Saw
18:27 Bodkin Arrow
28:28 Scale Mail Armor
29:55 Eagle Warrior
31:36 Ballistics
31:17 Padded Archer Armor
34:02 Wheelbarrow
34:31 Town Watch
34:46 Gold Mining
38:45 Imperial Age
36:58 Horse Collar
38:48 Thumb Ring
39:30 Bracer
41:28 Chemistry
41:19 Hand Cart
41:21 Chain Mail Armor
40:29 Pikeman
41:48 Conscription
41:53 Elite Plumed Archer
43:21 Squires
43:36 Chain Mail Armor
44:26 Heavy Plow
44:58 Leather Archer Armor
45:38 Plate Mail Armor
46:17 Coinage
46:19 Elite Eagle Warrior
48:44 Ring Archer Armor
48:25 Forging
48:20 Arson
49:40 Holcans
51:31 Iron Casting
50:36 Elite Skirmisher
51:34 Imperial Skirmisher
53:29 Blast Furnace
54:23 Hoardings
53:49 Hul'che Javelineers
53:20 Capped Ram
54:53 Banking
56:02 Two-Man Saw
54:58 Siege Ram
57:43 Crop Rotation
57:30 Treadmill Crane
58:01 Masonry
Connection lost

Rejoining the realm…

Still unreachable

The connection could not be restored.

Session expired

The server has moved on; the page needs a fresh start.